 Dungeon Crawl Stone Soup version 0.25.1-2-g60ff931df9 (webtiles) character file.

Game seed: 5441514596574464267

474 Elvor the Cudgeler (level 7, -11/43 HPs)
             Began as a Gargoyle Fighter on Sept 23, 2020.
             Killed by divine providence
             ... invoked by an orc priest
              (16 damage)
             ... on level 4 of the Dungeon.
             The game lasted 00:22:43 (2382 turns).

Elvor the Cudgeler (Gargoyle Fighter)               Turns: 2382, Time: 00:22:43

Health: -11/43     AC: 16    Str: 22    XL:     7   Next: 10%
Magic:  7/7        EV:  9    Int:  8    God:
Gold:   157        SH:  9    Dex:  9    Spells: 6/6 levels left

rFire    + . .     SeeInvis .   a - +0 flail
rCold    . . .     Gourm    .   c - +0 kite shield
rNeg     + . .     Faith    .   y - +1 ring mail {rF+}
rPois    ∞         Spirit   .   (no helmet)
rElec    +         Reflect  .   A - +2 cloak
rCorr    .         Harm     .   w - +0 pair of gloves
MR       .....     Rnd*Tele +   (no boots)
Stlth    ++........             j - amulet of the acrobat
HPRegen  0.14/turn              t - ring of stealth
MPRegen  0.10/turn              u - ring of teleportation (curse)

@: no status effects
A: negative energy resistance 1, electricity resistance, unbreathing,
petrification resistance, rot immunity, AC +4
a: no special abilities


You were on level 4 of the Dungeon.
You were not hungry.

You visited 1 branch of the dungeon, and saw 4 of its levels.

You collected 157 gold pieces.

Inventory:

Hand Weapons
 a - a +0 flail (weapon)
 v - a +2 dagger of electrocution
Missiles
 x - 7 datura-tipped darts (quivered)
Armour
 c - a +0 kite shield (worn)
 w - a +0 pair of gloves (worn)
 y - a +1 ring mail of fire resistance (worn)
 A - a +2 cloak (worn)
Jewellery
 j - an amulet of the acrobat (around neck)
 t - a ring of stealth (left hand)
 u - a cursed ring of teleportation (right hand)
Scrolls
 e - 2 scrolls of remove curse {unknown}
 g - 2 scrolls of amnesia {unknown}
 k - a scroll of enchant armour {unknown}
 l - 2 scrolls of teleportation {unknown}
 m - a scroll of magic mapping {unknown}
 n - 2 scrolls of immolation {unknown}
 o - a scroll of blinking {unknown}
 q - 3 scrolls of identify {unknown}
Potions
 d - a potion of heal wounds {unknown}
 h - 2 potions of invisibility {unknown}
 i - a potion of resistance {unknown}
 r - a potion of stabbing {unknown}
 s - a potion of brilliance {unknown}
 z - a potion of curing {unknown}
Comestibles
 b - a chunk of flesh
 f - 10 rations


   Skills:
 + Level 4.3 Fighting
 + Level 4.9 Maces & Flails
 + Level 0.7 Throwing
 + Level 4.2 Armour
 + Level 1.3 Dodging
 + Level 2.2 Stealth
 + Level 4.4 Shields


You had 6 spell levels left.
You didn't know any spells.
Your spell library was empty.

Dungeon Overview and Level Annotations

Branches:
Dungeon (4/15)
 Temple: D:4-7

Altars:
Fedhas

Annotations:
D:4 Menkaure


Innate Abilities, Weirdness & Mutations

You are resistant to torment.
Your stone body is resilient. (AC +4)
You are immune to poison.
You resist negative energy. (rN+)
You are resistant to electric shocks. (rElec)
You can survive without breathing.
You are immune to petrification.
You are immune to rotting.


Message History

The orc hits you but does no damage.
The orc priest hits you but does no damage.
You hit the orc priest but do no damage.
You block the orc priest's attack. You block the orc's attack.
The orc priest hits you but does no damage.
The orc hits you with a cursed -1 club.
* * * LOW HITPOINT WARNING * * *
Your shield and ring mail prevent you from hitting the orc priest.
The orc priest closely misses you. The orc hits you but does no damage.
You barely miss the orc priest. You block the orc priest's attack.
The orc hits you but does no damage.
You sock the orc priest!
The orc priest is heavily wounded.
The orc priest barely misses you. The orc hits you but does no damage.
You barely miss the orc priest.
The orc priest is heavily wounded.
The orc priest closely misses you. You block the orc's attack.
The orc priest calls down the wrath of Beogh upon you.
Beogh smites you!
You die...

######## #[.....##### ########
###.##....@###.....(#
#......#oo##....<(#
###.##.##.....o..((o....
###########.##.#####......#.....
..........................# ..o.
......####..##.#####......# o..
............##..####......# .#
......###>................# #
......#...............#####


You could see an orc priest and an orc.

Vanquished Creatures
  Sigmund (D:3)
  A scorpion (D:4)
  Jessica (D:2)
  Ijyb (D:3)
  An orc wizard (D:4)
  2 worker ants
  4 adders
  An ooze (D:2)
  5 worms
  2 dart slugs
  3 leopard geckos
  2 orcs (D:3)
  5 giant cockroaches
  9 goblins
  10 hobgoblins
  3 jackals (D:1)
  11 kobolds
  3 quokkas
  A ball python (D:3)
  5 bats
  A frilled lizard (D:1)
  2 quokka skeletons (D:4)
  8 rats
82 creatures vanquished.

Notes
Turn   | Place    | Note
-------+----------+-------------------------------------------
     0 | D:1      | Elvor the Gargoyle Fighter began the quest for the Orb.
     0 | D:1      | Reached XP level 1. HP: 14/14 MP: 1/1
    66 | D:1      | Reached XP level 2. HP: 9/19 MP: 2/2
   372 | D:1      | Reached XP level 3. HP: 23/23 MP: 3/3
   794 | D:2      | Reached XP level 4. HP: 22/29 MP: 4/4
  1081 | D:2      | Found a blossoming altar of Fedhas.
  1181 | D:2      | Noticed Jessica
  1193 | D:2      | Killed Jessica
  1193 | D:2      | Reached XP level 5. HP: 20/33 MP: 5/5
  1559 | D:3      | Reached skill level 1 in Stealth
  1819 | D:3      | Noticed Sigmund
  1851 | D:3      | Killed Sigmund
  1851 | D:3      | Reached skill level 1 in Dodging
  1851 | D:3      | Reached XP level 6. HP: 11/38 MP: 6/6
  2174 | D:4      | Noticed Menkaure
  2174 | D:4      | Noticed a phantom
  2199 | D:4      | Noticed Ijyb
  2241 | D:3      | Killed Ijyb
  2303 | D:4      | Reached XP level 7. HP: 43/43 MP: 7/7
  2382 | D:4      | Killed from afar by an orc priest

Illustrated notes

Levels and vault maps discovered:
D:1:      erik_arrival_blinker_ship, layout_basic
D:2:      layout_loops_cross, lemuel_crystal_altar, serial_bayou,
          serial_bayou_pond_b, serial_bayou_crossing, serial_bayou_pond_b,
          serial_bayou_pond_d, uniq_jessica
D:3:      layout_loops_ring, first_ration, kennysheep_generic_room_4,
          uniq_sigmund
D:4:      layout_rooms, vehumet_statue, uniq_eustachio, uniq_ijyb, uniq_menkaure

Skill      XL: |  1  2  3  4  5  6 |
---------------+-------------------+-----
Maces & Flails | 3 4 |  4.9
Fighting       | 4 |  4.3
Stealth        | 1 2 |  2.2
Armour         | 4 |  4.2
Dodging        | 1 |  1.3
Shields        | 4 |  4.4
Throwing       | |  0.7

Action                   |  1- 3 |  4- 6 |  7- 9 || total
-------------------------+-------+-------+-------++-------
Melee: Flail             |   133 |   198 |    20 ||   351
Throw: Dart              |       |    17 |     5 ||    22
  Use: Potion            |       |     1 |       ||     1
 Stab: Sleeping          |       |     4 |       ||     4
  Eat: Chunk             |       |     5 |     1 ||     6
Armor: Scale mail        |    63 |    20 |       ||    83
       Ring mail         |       |    71 |    10 ||    81
Dodge: Dodged            |    50 |    74 |     8 ||   132
Block: Kite shield       |    72 |    89 |    10 ||   171
